[Event "34th MPL National U14-ch 2022"]
[Site "Ahmedabad"]
[Date "2022.05.10"]
[Round "3.9"]
[White "Bharadia Yash"]
[Black "Jaidambareesh N R"]
[Result "1/2-1/2"]
[ECO "B33"]
[WhiteElo "1924"]
[BlackElo "1521"]
[Annotator "TA"]
[PlyCount "119"]
[EventDate "2022.05.09"]
[EventType "swiss"]
[EventCountry "IND"]
[SourceTitle "playchess.com"]
[Source "ChessBase"]
[SourceQuality "1"]
[TimeControl "5400+30"]

1. e4 c5 2. Nf3 Nc6 3. d4 cxd4 4. Nxd4 Nf6 5. Nc3 e5 6. Ndb5 d6 7. Bg5 a6 8. Bxf6 gxf6 9. Na3 b5 10. Nd5 Bg7 11. c3 f5 12. exf5 Bxf5 13. Be2 O-O 14. Nc2 Kh8 {[%emt 0:03:42] B33: Sicilian: Pelikan and Sveshnikov Variations.} 15. O-O Be6 16. Nce3 f5 17. f4 Ne7 18. Kh1 Ng6 19. g3 Rb8 20. Qd2 {[%emt 0:04:44] [#]} a5 $146 ({Predecessor:} 20... exf4 21. gxf4 Qd7 22. Rad1 Qb7 23. Qe1 Bxd5+ 24. Nxd5 Rbe8 25. Qd2 Re6 26. Bf3 Nh4 {½-½ (47) Sorin,B (2106)-Lauradoux,C (1880) France 2000}) 21. a4 bxa4 22. Rxa4 Bd7 23. Raa1 Bc6 24. Bf3 $1 Rf7 25. Bg2 e4 (25... Bd7 $11 {keeps the balance.}) 26. Rfd1 $16 Bd7 27. Nc4 a4 (27... Be6 $16) 28. Nxd6 $18 Rf8 29. Nb4 {[%emt 0:08:37][%cal Od6e4] Pair of Knights!} Qe7 {[%emt 0:05:37] [#]} (29... Qb6 $142 30. Nxe4 Be6) 30. Nxe4 $1 Rfd8 (30... fxe4 31. Qxd7) 31. Ng5 h6 32. Nf3 Be6 33. Nd4 $2 {[%emt 0:03:20] [#]} (33. Qc1 $18 Qe8 34. Rxd8 Rxd8 35. Nd4) 33... Rxb4 (33... Rxd4 $1 $17 34. cxd4 Rxb4) 34. Qe2 (34. Nxf5 $1 $11 Rxd2 35. Nxe7 Rxd1+ 36. Rxd1 Rxb2 37. Nxg6+ Kg8 38. Be4) 34... Rbxd4 $17 ({But not} 34... Bxd4 $6 35. cxb4 Bb3 36. Qxe7 Nxe7 37. Rd3 $11) 35. cxd4 Bb3 {[%emt 0:00:06][%mdl 64] Discovered Attack} 36. Qxe7 (36. Rd2 $17 {might work better.}) 36... Nxe7 $19 37. Re1 Ng6 ({Black should play} 37... Bf6 $19 38. Re2 Rxd4) 38. Bc6 (38. Bh3 $15) 38... Bxd4 39. Rxa4 (39. Re2 $142) 39... Bxa4 $17 ({Not} 39... Bxb2 40. Ra7 Bg7 41. Bf3 $11) 40. Bxa4 Bxb2 41. Kg2 Kg7 42. Re6 Rd2+ 43. Kh3 Bf6 44. Rb6 Ne7 45. Rb7 Ra2 46. Bd7 Ra5 47. Rb5 Rxb5 48. Bxb5 Bd4 49. Kg2 Kf6 50. Kf3 Nc8 (50... Nd5 $17 51. h3 Bc5) 51. h3 Nd6 52. Bd3 h5 53. g4 h4 54. gxf5 $2 (54. Bxf5 $11 Nxf5 55. gxf5) 54... Bc3 $19 ({Weaker is} 54... Nxf5 55. Bxf5 Kxf5 56. Kg2 $11) 55. Kg4 Be1 56. Kf3 Nxf5 $2 (56... Nc8 $19 {White must now prevent ...Nb6.} 57. Bb1 Na7) 57. Bxf5 $11 {[%emt 0:00:08] The position is equal.} Kxf5 58. Kg2 Kxf4 59. Kh1 Kg3 60. Kg1 {[%emt 0:00:04] Weighted Error Value: White=0.40/Black=0.30} 1/2-1/2

[Event "34th MPL National U14-ch 2022"]
[Site "Ahmedabad"]
[Date "2022.05.10"]
[Round "3.10"]
[White "Koustuv Dash"]
[Black "Aayush Bhojak"]
[Result "1-0"]
[ECO "E12"]
[WhiteElo "1910"]
[BlackElo "1494"]
[Annotator "TA"]
[PlyCount "81"]
[EventDate "2022.05.09"]
[EventType "swiss"]
[EventCountry "IND"]
[SourceTitle "playchess.com"]
[Source "ChessBase"]
[SourceQuality "1"]
[TimeControl "5400+30"]

1. d4 Nf6 2. c4 e6 3. Nf3 b6 4. a3 Bb7 5. Nc3 d6 6. d5 e5 {[%emt 0:01:57] E12: Queen's Indian: Unusual White 4th moves, 4 a3, 4 Nc3 Bb7 5 a3 and 4 Nc3 Bb7 .} (6... g6 $11) 7. e4 $16 Nbd7 {[%emt 0:01:09] [#]} 8. Rb1 $146 ({Predecessor:} 8. b4 Be7 9. Bd3 O-O 10. O-O Nh5 11. Bc2 g6 12. Bh6 Ng7 13. Qd2 Ba6 14. Bd3 {0-1 (32) Gallego Jimenez,V (2385)-Arribas Lopez,A (2477) Madrid 2013}) 8... c5 {[%emt 0:09:09] White is slightly better.} (8... Rc8) 9. Be2 g6 10. O-O Bg7 11. Ne1 O-O 12. Nd3 Ne8 13. Be3 f5 14. f3 f4 15. Bf2 Bc8 16. b4 g5 17. a4 h5 (17... a5) (17... a5 $14) 18. a5 Ndf6 19. Ra1 {[%emt 0:06:06] [#] Threatens to win with axb6.} (19. bxc5 bxc5 20. Qa4 h4) (19. bxc5 bxc5 20. Qa4 h4 $14) 19... Rb8 (19... cxb4 20. Nxb4 bxa5 21. Nc6) (19... cxb4 $2 20. Nxb4 bxa5 21. Nc6 $18) 20. axb6 (20. bxc5 $6 bxc5 21. Nb5 Ra8 $14) 20... axb6 21. Nb5 Bd7 22. Na7 (22. bxc5 bxc5 23. Qc2 Rf7 $14) 22... Qc7 23. Ra2 (23. b5) 23... g4 24. Qa1 gxf3 (24... Nh7) (24... Nh7 $14 {is more appropriate.}) 25. gxf3 Bh3 26. Nc6 Qf7 {[%emt 0:06:14] [#]} (26... Bxf1 $16 27. Bxf1 Rb7) 27. Kh1 $1 $18 {[%emt 0:01:22] Active counter play!} Bxf1 28. Bxf1 Rc8 29. Bh3 {[%emt 0:01:10][%mdl 1024] Inhibits Qd7. White has strong compensation.} Nc7 30. Ra7 ({Much less strong is} 30. bxc5 bxc5 31. Bxc5 (31. Bxc8 Rxc8 32. Bxc5 dxc5 $18) 31... dxc5) (30. Bxc8 $18 {and White stays clearly on top.} Rxc8 31. Ra7) 30... Kh8 $2 {[%emt 0:00:43][%mdl 8192] Black cannot hold the game after this.} 31. Be6 Qg6 (31... Qe8 32. Bxc8 Qxc8) (31... Qe8 $142 32. Bxc8 Qxc8) 32. Ne7 Qh7 33. Bxc8 {[%emt 0:00:41] Bf5 is the strong threat.} Nxe4 34. Qg1 Ng3+ 35. hxg3 Qxd3 36. gxf4 {[%emt 0:00:56] aiming for Ng6+.} Qxf3+ 37. Qg2 Qd1+ 38. Kh2 exf4 39. Ng6+ {[%emt 0:01:26] White mates.} Kg8 40. Rxc7 f3 41. Be6+ {[%emt 0:00:07] Weighted Error Value: White=0.21 (precise) /Black=0.60} 1-0

[Event "34th MPL National U14-ch 2022"]
[Site "Ahmedabad"]
[Date "2022.05.10"]
[Round "4.1"]
[White "Adireddy Arjun"]
[Black "Kadam Om Manish"]
[Result "0-1"]
[ECO "B56"]
[WhiteElo "1898"]
[BlackElo "2144"]
[Annotator "TA"]
[PlyCount "154"]
[EventDate "2022.05.09"]
[EventType "swiss"]
[EventCountry "IND"]
[SourceTitle "playchess.com"]
[Source "ChessBase"]
[SourceQuality "1"]
[TimeControl "5400+30"]

1. e4 c5 2. Nf3 d6 3. d4 cxd4 4. Nxd4 Nf6 5. Nc3 a6 6. Be3 e5 7. Nf3 Be7 8. Bc4 O-O 9. O-O Be6 10. Bb3 Nc6 11. Qe2 {[%emt 0:02:05] The main line 11.Qe2 scores better than 11.Bg5.} Na5 12. Rfd1 Qc7 13. Nd5 {[%emt 0:07:30] B56: Classical Sicilian: Unusual Lines.} Nxd5 14. Bxd5 Bxd5 15. Rxd5 {[%emt 0:00:20] The position is equal.} Nc4 16. c3 f5 (16... b5 $11 {is superior.}) 17. exf5 Rxf5 {[%emt 0:00:22] [#]} 18. b3 $146 (18. Bc5 $5 Nb6 19. Bxb6 Qxb6 20. c4 $11) ({Predecessor:} 18. Bc5 Nb6 19. Bxb6 Qxb6 20. b3 Raf8 21. c4 Qc6 22. Qd3 b6 23. Nd4 Qc8 24. Nxf5 Rxf5 {1-0 (31) Bubir,S (2398)-Hellbing,B (2424) IECG email 2007}) 18... Nxe3 19. Qxe3 Raf8 20. Rf1 Qc6 21. c4 Rf4 22. Nd2 b5 23. Qd3 bxc4 24. Nxc4 R8f6 25. Nd2 Qb6 26. Ne4 Rf8 27. a3 a5 28. Rb5 (28. h3 $16) 28... Qd4 $14 29. Qxd4 exd4 30. f3 R4f5 31. Rxf5 (31. Rb7 $5 Re5 32. Rd1 $14) 31... Rxf5 $11 {[%emt 0:00:04][%mdl 4096] Endgame KRB-KRN} 32. Rd1 d5 33. Ng3 Re5 34. a4 Bc5 35. Kf1 Re3 36. Nf5 Rxb3 37. Nxd4 Rb4 38. Nc6 (38. Ne6 $5 Be7 39. Rd4 $11 (39. Rxd5 Rxa4 40. Rd7 Bf6 $11)) 38... Rxa4 39. Rxd5 Bb6 40. Rb5 Bc7 41. Rb7 Ra1+ 42. Ke2 Bxh2 43. Kd3 (43. g4 $15) 43... a4 $17 44. Ra7 a3 45. Nb4 {[%emt 0:01:57] Against a2} Bd6 (45... h5 $17 46. Nc2 Rg1) 46. Nc2 $15 Ra2 ({Better is} 46... Rb1 $15) 47. Kc3 (47. Ra8+ $1 $11 {keeps the balance.} Kf7 48. Ra6) 47... Rb2 48. f4 (48. Ra8+ $142 Kf7 49. Ra7+ Kf6 50. Ra6) 48... h5 $17 49. g3 Rb1 50. Ra6 (50. Nxa3 $2 Rg1 51. Nc4 (51. Ra8+ $2 Kh7 $19) 51... Rxg3+ 52. Kd4 Bxf4 $19) (50. Ra8+ $17 Kh7 51. Ra6) 50... Be7 (50... Bf8 $1 $19 {and Black stays clearly on top. White must now prevent ...Rg1.} 51. Nd4 Rg1) 51. Ra7 Bf8 52. Nxa3 Rg1 53. Kd4 Rxg3 54. Nc4 h4 55. Ke4 h3 56. Ra1 Bc5 57. Rh1 Kh7 {[%emt 0:01:02] aiming for ...Kh6.} 58. Ne5 Kh6 59. Nf3 $1 Kh5 60. Rh2 $2 {[%emt 0:00:36][%mdl 8192] Black continues to play with concentration.} (60. Rd1 $1 $11 {and White stays safe.}) 60... Bd6 $2 (60... Be7 $1 $19 {And now ...Bf6 would win.} 61. Rh1 Bf6) 61. Rh1 $2 (61. Rd2 $17 {was the crucial defense.} Rg6 62. Rd3) 61... Be7 $1 $19 62. Rh2 Bh4 $2 (62... Bf6 $19 {Threatens to win with ...Kg4.} 63. Rh1 Kg4 64. Nh2+ Kh4 65. Nf3+ Kh5) 63. Rh1 $2 {[%emt 0:00:41][%mdl 8192] [#]} (63. Rc2 $11) 63... Bf6 $1 64. Nh2 Rg2 {[%emt 0:00:48] Hoping for ...Kh4.} 65. Nf1 Kh4 ({Not} 65... Re2+ 66. Kf3 Rb2 67. Rxh3+ Kg6 68. Ne3 $11) 66. Ne3 Rf2 67. Nf5+ Kg4 68. Rg1+ {[%emt 0:00:12] [#]} Rg2 $1 ({Stronger than} 68... Kh5 69. Nxg7+ Kh6 70. Nf5+ Kh5 71. Ng7+ Bxg7 72. Rxg7 $11) 69. Rh1 $2 (69. Ne3+ Kg3 70. Rf1 (70. Nxg2 $2 hxg2 71. Kd3 Kh2 $19)) 69... h2 70. Ne3+ Kh3 71. Nf1 Rf2 {[%emt 0:00:11][%cal Of2f1] ( -> ...Rxf1!)} 72. Ne3 Re2 {[%emt 0:00:23] Black mates.} 73. Kf3 {[%emt 0:00:08] [#]} Rxe3+ $1 74. Kxe3 Kg2 75. Ke2 Kxh1 76. Kf1 Bd4 77. f5 Ba7 {[%emt 0:00:06] Weighted Error Value: White=0.31/Black=0.27 (precise)} 0-1

[Event "34th MPL National U14-ch 2022"]
[Site "Ahmedabad"]
[Date "2022.05.10"]
[Round "4.2"]
[White "Md Imran"]
[Black "John Veny Akkarakaran"]
[Result "0-1"]
[ECO "E11"]
[WhiteElo "2122"]
[BlackElo "1855"]
[Annotator "TA"]
[PlyCount "70"]
[EventDate "2022.05.09"]
[EventType "swiss"]
[EventCountry "IND"]
[SourceTitle "playchess.com"]
[Source "ChessBase"]
[SourceQuality "1"]
[TimeControl "5400+30"]

1. d4 e6 2. c4 Nf6 3. Nf3 Bb4+ 4. Bd2 Qe7 5. Qc2 Bxd2+ 6. Nbxd2 d6 7. g3 {[%emt 0:00:55] E11: Bogo-Indian.} e5 8. e4 O-O 9. Bg2 {[%emt 0:01:21] The position is equal.} a5 10. O-O Na6 11. Qc3 exd4 12. Nxd4 Nc5 13. Rae1 {[%emt 0:00:32] [#]} c6 $146 ({Predecessor:} 13... Qe5 14. f4 Qh5 15. Nb5 Rd8 16. Nxc7 Rb8 17. e5 Ne8 18. exd6 Na4 19. Qe5 Qxe5 20. fxe5 Nxb2 21. Bd5 Nxd6 22. exd6 Be6 23. Nxe6 fxe6 24. Rxe6 Kh8 {1-0 (24) Chiku Ratte,O (2410)-Rodrigue Lemieux,S (2352) Ottawa 2018}) 14. h3 Qc7 15. N2b3 Nxb3 16. Nxb3 Nd7 17. Kh2 a4 18. Nd4 Nc5 19. f4 Re8 20. e5 dxe5 21. fxe5 Be6 (21... Rxe5 $2 22. Rxe5 Qxe5 23. Re1 $18) 22. b4 axb3 23. axb3 Qb6 (23... Ra2 $15) 24. Qf3 Re7 25. Qe3 Nd7 26. Qf4 Nc5 ({Better is} 26... Nf8 $1 $15) 27. Qh4 Rd7 28. Nxe6 (28. Rd1 $11 {remains equal.}) 28... Nxe6 $17 29. Re4 $2 {[%emt 0:02:52][%mdl 8192] Now White is beyond hope.} (29. Ra1 $17 Rf8 30. Rab1) 29... Ra2 $19 {[%emt 0:01:42] [#] Strongly threatening ...Rdd2.} 30. Kh1 Qxb3 31. Qg4 $2 (31. Ree1) 31... Qc2 32. Rg1 Rd2 {[%emt 0:00:55] Black mates.} 33. Qf3 Ng5 34. Qf5 h6 35. e6 fxe6 {[%emt 0:01:45] Weighted Error Value: White=0.70/Black=0.08 (flawless)} 0-1

[Event "34th MPL National U14-ch 2022"]
[Site "Ahmedabad"]
[Date "2022.05.10"]
[Round "4.3"]
[White "Shankhodip De"]
[Black "Ilamparthi A R"]
[Result "1/2-1/2"]
[ECO "E69"]
[WhiteElo "1810"]
[BlackElo "2121"]
[Annotator "TA"]
[PlyCount "73"]
[EventDate "2022.05.09"]
[EventType "swiss"]
[EventCountry "IND"]
[SourceTitle "playchess.com"]
[Source "ChessBase"]
[SourceQuality "1"]
[TimeControl "5400+30"]

1. d4 Nf6 2. c4 g6 3. g3 Bg7 4. Bg2 O-O 5. Nc3 d6 6. Nf3 Nbd7 7. O-O e5 8. e4 Re8 9. h3 c6 10. Re1 a6 11. d5 Qc7 {[%emt 0:02:10] E69: King's Indian: Fianchetto: 6...Nbd7 7 0-0 e5 8 e4 c6 9 h3.} 12. Be3 {[%emt 0:03:08] [#]} b5 $146 (12... Nc5 $14) ({Predecessor:} 12... cxd5 13. cxd5 b5 14. a3 Nb6 15. Bxb6 Qxb6 16. b4 Nh5 17. Kf1 Bd7 18. Rc1 Rac8 {0-1 (36) Bui,T (1331)-Tran,Q (2300) Hanoi 2021}) 13. cxb5 axb5 {[%emt 0:01:18] White is better.} 14. dxc6 Qxc6 15. Rc1 $1 {[%emt 0:00:09] And now Bf1 would win.} Qb7 ({Black should play} 15... b4 16. Nd5 Nc5) 16. b4 ({Resist} 16. Qxd6 b4 17. Nd5 Nxe4 18. Ne7+ Kh8 19. Nxc8 Raxc8 $16) (16. Bf1 $142 $1) 16... Bf8 (16... Nxe4 $2 17. Nxe4 Qxe4 18. Ng5 Qxb4 19. Qd5 $18) 17. Nd2 Nb8 (17... Qb8 $14) 18. a4 (18. Bg5 $16 Be7 19. Qf3) 18... Bd7 (18... bxa4 $11 19. Nxa4 Be6) 19. a5 Na6 20. Bg5 Bg7 21. Bxf6 Bxf6 22. Nd5 Bd8 23. Nf1 {[%emt 0:03:49] White is more active. Pair of Knights!} Be6 (23... Nb8 $16 24. Nfe3 Nc6) 24. Nfe3 $18 Bg5 25. f4 exf4 26. gxf4 Bh4 {[%emt 0:00:06] [#]} 27. Rf1 ({White should try} 27. Qd2 $1 $18) 27... Qa7 $16 {[%emt 0:00:31] Strongly threatening ...Bxd5.} 28. Kh1 {[%emt 0:01:37] f5 is the strong threat.} Nxb4 {[%emt 0:00:39] [#]} 29. f5 (29. Nb6 $1 $16) 29... Bxd5 $11 30. Nxd5 Nxd5 (30... Qxa5 $2 31. Nc7 Bg5 32. Nxe8 Rxe8 33. fxg6 hxg6 34. Qb3 $18) 31. Qxd5 Rad8 32. a6 Bg3 33. Qxb5 Be5 34. Qd5 Re7 ({Better is} 34... Rb8 $15) 35. Rc6 {[%emt 0:01:14] The position is equal.} Qe3 {[%emt 0:00:49] aiming for ...Qg3.} 36. Rf3 {[%emt 0:04:33] Inhibits Qg3.} Qe1+ 37. Bf1 {[%emt 0:00:06] White really could win this.  Weighted Error Value: White=0.24 (precise) /Black=0.22 (precise)} 1/2-1/2

[Event "34th MPL National U14-ch 2022"]
[Site "Ahmedabad"]
[Date "2022.05.10"]
[Round "4.4"]
[White "Daakshin Arun"]
[Black "Navya Goyal"]
[Result "1-0"]
[ECO "E60"]
[WhiteElo "2016"]
[BlackElo "1483"]
[Annotator "TA"]
[PlyCount "55"]
[EventDate "2022.05.09"]
[EventType "swiss"]
[EventCountry "IND"]
[SourceTitle "playchess.com"]
[Source "ChessBase"]
[SourceQuality "1"]
[TimeControl "5400+30"]

1. d4 Nf6 2. c4 g6 3. h4 Bg7 4. Nc3 d5 5. h5 Nxh5 6. cxd5 {[%emt 0:00:16] E60: King's Indian: Unusual lines and Fianchetto Variation without Nc3.} c6 7. e4 Nf6 8. dxc6 {[%emt 0:02:50] White is slightly better.} bxc6 {[%emt 0:01:20][%cal Oe7e5] [#]} 9. Bh6 $146 ({Predecessor:} 9. Bf4 h6 10. Be2 Qa5 11. Qd2 Nbd7 12. Nf3 g5 13. Bg3 Ba6 14. Ne5 Rc8 15. f4 c5 16. Bxa6 Qxa6 17. d5 Nxe5 18. fxe5 Ng4 19. d6 {½-½ (19) Pinheiro,I (2318)-Lucas,L (2176) Fortaleza 2011}) 9... Bxh6 10. Rxh6 Qa5 11. Qd2 Nbd7 12. O-O-O Bb7 (12... Nb6 $14) 13. Kb1 (13. Nf3 $16) 13... Rd8 (13... c5 $1 $14) 14. Be2 $16 c5 {[%emt 0:07:23] [#]} 15. d5 $1 ({Worse is} 15. dxc5 O-O 16. f3 Nxc5 $15) 15... Ne5 $2 {[%emt 0:00:16] A mistake that costs the game.} (15... Ba6 $16) 16. Qg5 $18 Nfd7 (16... Ned7 $142 17. e5 Ng8) 17. Qh4 Nf8 (17... Nf6 {might work better.} 18. f4 Nc6 19. dxc6 Rxd1+ 20. Bxd1 Bxc6) 18. Bb5+ Ned7 19. e5 {[%emt 0:02:09] Hoping for d6.} Ba6 {[%emt 0:00:43] [#]} 20. d6 $1 f6 {[%emt 0:04:31] [#]} 21. dxe7 $1 Kxe7 (21... Bxb5 22. exd8=Q+) 22. Bxd7 Nxd7 23. Rxh7+ {[%emt 0:00:13] White mates.} Rxh7 24. Qxh7+ Ke6 25. Rd6+ Kxe5 26. Qh2+ Kf5 27. Qh3+ Kf4 28. g3+ {[%emt 0:00:20] Weighted Error Value: White=0.14 (very precise) /Black=0.85} 1-0

[Event "34th MPL National U14-ch 2022"]
[Site "Ahmedabad"]
[Date "2022.05.10"]
[Round "4.5"]
[White "Shaik Sumer Arsh"]
[Black "Anubhav Rawat"]
[Result "1/2-1/2"]
[ECO "A39"]
[WhiteElo "1999"]
[BlackElo "1329"]
[Annotator "TA"]
[PlyCount "124"]
[EventDate "2022.05.09"]
[EventType "swiss"]
[EventCountry "IND"]
[SourceTitle "playchess.com"]
[Source "ChessBase"]
[SourceQuality "1"]
[TimeControl "5400+30"]

1. c4 c5 2. Nc3 Nc6 3. g3 Nf6 4. Bg2 g6 5. Nf3 Bg7 6. O-O O-O 7. d4 cxd4 8. Nxd4 Nxd4 9. Qxd4 d6 10. Qd2 Rb8 11. Rd1 {[%emt 0:13:36][%cal Oc4c5] A39: Symmetrical English vs ...g6: 4 Bg2 Bg7 5 Nf3 Nf6 6 0-0 0-0 7 d4.} Be6 12. b3 a6 13. Bb2 {[%emt 0:05:31] White has an edge.} b5 14. cxb5 (14. Nd5 {with more complications.} bxc4 15. Bxf6 Bxf6 16. Nxf6+ exf6 17. bxc4 Bxc4 18. Rac1) 14... axb5 15. Nd5 Bxd5 16. Bxd5 Nxd5 17. Bxg7 Kxg7 18. Qxd5 Qb6 {[%emt 0:02:48] [#]} 19. Qe4 $146 ({Predecessor:} 19. Rac1 Rfc8 20. h4 h5 21. Qe4 e6 22. Rxc8 Rxc8 23. Qd4+ Qxd4 24. Rxd4 d5 25. e4 dxe4 26. Rxe4 {½-½ (41) Pushkarjow,A (2255)-Meribanov,V (2370) Minsk 2015}) 19... e6 20. a4 bxa4 21. bxa4 d5 22. Qd3 Qa5 23. h4 h5 24. Qd4+ Kg8 25. Rab1 {[%emt 0:00:00] Inhibits Rb4.} Rxb1 26. Rxb1 $11 {[%emt 0:00:00][%mdl 4096] Endgame KQR-KQR} Rc8 27. Kg2 Qc3 28. Qxc3 Rc7 {[%emt 0:10:05][%mdl 8192] [#]} (28... Rxc3 $14 29. Ra1 Kf8) 29. Qc4 $2 Rxc4 {[%emt 0:00:00] KR-KR} ({Black should try} 29... dxc4 $11 30. Kf3 c3) 30. a5 (30. Ra1 $1 $14) 30... Rc3 $2 (30... Ra4 $11) 31. Rb7 $2 (31. Ra1 $18) 31... Ra3 {The position is equal.} 32. Rb8+ Kg7 33. Ra8 e5 34. a6 d4 35. a7 Kf6 36. f3 Kg7 37. Kf2 Ra1 38. Kg2 f6 39. Kf2 Kh7 40. g4 hxg4 41. fxg4 f5 42. gxf5 gxf5 43. Re8 Rxa7 44. Rxe5 Kg6 45. Rd5 Ra4 46. Kg3 Rb4 47. Rd8 Rb3+ 48. Kf4 Rh3 49. Rd6+ Kf7 50. Kg5 Re3 51. Rxd4 Rxe2 52. Kxf5 Rf2+ 53. Kg5 Kg7 54. Rd7+ Rf7 55. Rd4 Ra7 56. Rd5 Kh7 57. h5 Rg7+ 58. Kh4 Ra7 59. Rf5 Rg7 60. Rf6 Ra7 61. h6 Ra4+ 62. Kg5 Ra5+ {[%emt 0:00:05] Weighted Error Value: White=0.21 (precise) /Black=0.21 (precise)} 1/2-1/2

[Event "34th MPL National U14-ch 2022"]
[Site "Ahmedabad"]
[Date "2022.05.10"]
[Round "4.6"]
[White "Bagwe Gaurang"]
[Black "Sahib Singh"]
[Result "1/2-1/2"]
[ECO "C06"]
[WhiteElo "1789"]
[BlackElo "1991"]
[Annotator "TA"]
[PlyCount "195"]
[EventDate "2022.05.09"]
[EventType "swiss"]
[EventCountry "IND"]
[SourceTitle "playchess.com"]
[Source "ChessBase"]
[SourceQuality "1"]
[TimeControl "5400+30"]

1. e4 e6 2. d4 d5 3. Nd2 Nf6 4. e5 Nfd7 5. Bd3 c5 6. c3 Nc6 7. Ne2 cxd4 8. cxd4 f6 9. exf6 Nxf6 10. O-O Bd6 11. f4 O-O 12. Nf3 Qb6 13. Kh1 Bd7 14. a3 {[%emt 0:00:23] C06: French Tarrasch: 3...Nf6 4 e5 Nfd7 5 Bd3 main lines.} (14. Ne5 Bxe5 15. fxe5 Ne4 16. Bxe4 dxe4 $15) 14... a5 (14... Ne7 $11) 15. Nc3 $14 {[%emt 0:00:55] [#]} (15. Ne5 Bxe5 16. fxe5 Ne4 17. Bxe4 Rxf1+ 18. Qxf1 dxe4 $15) 15... g6 $146 ({Predecessor:} 15... Rae8 16. Ne5 Re7 17. Be3 Be8 18. Qd2 Bh5 19. h3 Nd7 20. Na4 Qa7 21. Nxc6 bxc6 {0-1 (48) Alonso Garcia,R (2397)-Larino Nieto,D (2451) Pamplona 2010}) 16. Ne5 {[%emt 0:14:16] White is better.} Bxe5 (16... Nxd4 17. Nxd7 (17. Be3 Be8 $16) 17... Nxd7 18. Be3 $16) 17. dxe5 (17. fxe5 Nh5 $11) 17... Nh5 18. Rf3 Ne7 19. Be3 (19. g4 $16 Ng7 20. Rb1) 19... Qd8 (19... Qxb2 20. Ne2 Ba4 21. Qe1 $16) (19... d4 $11 {remains equal.} 20. Bg1 Bc6) 20. Bc2 (20. Ne2 $16) 20... Bc6 21. Qd4 Be8 (21... Nf5 $14 22. Bxf5 Rxf5) 22. Rd1 Rc8 23. Qa7 ({White should try} 23. Qd2 $16) 23... Bc6 (23... Rf7 $1 $11) 24. Qd4 {[%emt 0:12:43] 0x0.0016305af5b0dp-1022s more active pieces.} (24. Kg1 $14) 24... Ng7 (24... Be8 $1 $11) 25. g4 Bd7 (25... b5 $1 $14) 26. Ba4 $2 ({White should play} 26. Qd2 $16) 26... b5 $1 $15 27. Bxb5 {[%emt 0:00:43] [#]} (27. Nxb5 $2 Rc4 28. Qd2 Rxa4 $19) 27... Bxb5 (27... Rxc3 $1 $15 28. Bxd7 Rxe3 29. Qxe3 (29. Bxe6+ Nxe6 30. Qxe3 Qa8 $15) 29... Qxd7) 28. Nxb5 $11 {[%emt 0:00:12] Threatens to win with Qd2.} Nc6 $1 29. Qc3 Qh4 (29... d4 $1 $11 30. Qc5 (30. Nxd4 Nxe5 31. Qe1 Qd5 $17) 30... Qh4 31. Nxd4 Nxd4 32. Qxd4 Qxg4) 30. Rg3 (30. Bc5 $1 $16 Nxe5 31. fxe5 (31. Qxe5 Rxc5 32. Nd4 Qxg4 $11) 31... Rxf3 32. Qxf3 Rxc5 33. Nd6) 30... d4 $1 $14 31. Nxd4 Nxe5 32. Qb3 (32. Qxa5 $14 Nxg4 33. Nf3) 32... Nxg4 33. Bg1 Rb8 34. Qf3 h5 35. Qe2 (35. Rd2 $11) 35... Rxf4 $40 {[%emt 0:00:25][%mdl 128] Black mounts an attack.} 36. Nxe6 {[%emt 0:01:00][%mdl 8192] [#]} (36. Rf3 $15 Rbf8 37. Rdf1 (37. Rxf4 Rxf4 38. Nf3 Qf6 $17) 37... Rxf3 38. Rxf3) 36... Re4 $3 $19 37. Rxg4 (37. Qxe4 $2 Nf2+ $1 38. Bxf2 Qxe4+ 39. Kg1 Nxe6 $19) (37. Rd8+ $2 Rxd8 38. Rxg4 Rxe2 $19) 37... Qxg4 (37... Rxe2 38. Rxh4 Nxe6 39. b4 $15) 38. Qxg4 Rxg4 (38... hxg4 $2 {too greedy.} 39. Nxg7 Kxg7 40. Bd4+ Kh6 41. Rd2 $19) 39. Nxg7 Kxg7 {[%emt 0:00:05][%mdl 4096] Endgame KRR-KRB} 40. Bd4+ Kf7 41. Rf1+ Ke7 42. Bc3 Rb3 43. h3 Re4 44. Rg1 Re6 45. Rg5 a4 46. Ra5 Re4 47. Ra6 Re3 48. Kg2 Re2+ 49. Kg1 Re3 50. Kg2 $1 Re2+ 51. Kg1 Re4 $2 (51... Rb5 $19 {Hoping for ...Rd5.} 52. Ra7+ Ke6 53. Ra6+ Kf5 54. Rxa4 Rd5) 52. Rxg6 $2 (52. Kh1 $1 $11) 52... Rb5 53. Ra6 Rg5+ 54. Kf2 Rf5+ 55. Kg2 (55. Kg1 $142) 55... h4 56. Ra7+ $2 (56. Bb4+ Kd8 57. Rxa4 Re2+ 58. Kg1) 56... Ke6 57. Ra6+ Kf7 58. Ra7+ Kg6 {[%emt 0:00:11] And now ...Re2+ would win.} 59. Ra6+ $2 (59. Rg7+ {was the only defense.} Kh6 60. Rd7) 59... Kh5 60. Ra8 Re2+ 61. Kg1 Rf3 62. Ra5+ Kg6 63. Ra6+ (63. Rxa4 $142 Rxh3 64. Rf4) 63... Kg5 64. Ra5+ {[%emt 0:00:06] [#]} Kf4 $1 65. Rxa4+ Kg3 66. Rg4+ Kxh3 67. Rg7 Rg3+ 68. Kf1 Re4 $2 (68... Rxg7 69. Bxg7 Re4) 69. Rf7 Kg4 {[%emt 0:01:11] ( -> ...Rf4+)} 70. Rg7+ $2 (70. Kf2 $19) 70... Kf3 71. Rh7 Ke3 72. Rf7 h3 73. Be1 Rf3+ 74. Bf2+ {[%emt 0:00:36] [#]} Rxf2+ $1 75. Rxf2 {[%emt 0:00:02] KR-KR} Rc4 (75... Rf4 $2 76. Rxf4 Kxf4 77. b4 $18) 76. Re2+ {[%emt 0:00:21] [#]} Kf3 $1 ({Less strong is} 76... Kd3 77. Rh2 $14) 77. Rf2+ Kg3 78. Rf8 Rc1+ 79. Ke2 Rc2+ $2 (79... h2 $19 80. Rh8 Kf4) 80. Ke3 $11 {[%emt 0:00:14] The position is equal.} Rxb2 81. Rg8+ Kh2 82. Kf3 Kh1 83. Rh8 Rb3+ 84. Kf2 Rxa3 85. Rh7 Kh2 86. Rh8 Ra2+ 87. Kf1 Ra7 (87... Kg3 88. Rg8+ Kh2 89. Rd8 $11) 88. Rf8 Rg7 89. Kf2 $1 Rg2+ 90. Kf1 Rg3 91. Kf2 Ra3 92. Rf7 Ra2+ 93. Kf1 Ra1+ 94. Kf2 Kh1 95. Rf8 Ra2+ 96. Kf1 h2 97. Rf7 Rf2+ 98. Kxf2 {[%emt 0:00:40] Whites escaped into a draw.  Weighted Error Value: White=0.49/Black=0.32} 1/2-1/2